 Dungeon Crawl Stone Soup version 0.30-a0-476-g330ca2eb8e (webtiles) character file.

Game seed: 13559102555407895286

113 DeathPants the Digger (level 4, -7/36 HPs)
             Began as a Draconian Earth Elementalist on Dec 21, 2022.
             Killed by divine providence
             ... invoked by an orc priest
              (9 damage)
             ... on level 4 of the Dungeon.
             The game lasted 00:05:29 (1535 turns).

DeathPants the Digger (DrEE)                        Turns: 1535, Time: 00:05:30

Health: -7/36      AC:  7    Str: 10    XL:     4   Next: 65%
Magic:  8/8        EV: 12    Int: 18    God:
Gold:   138        SH:  0    Dex: 11    Spells: 4/8 levels left

rFire   . . .      SeeInvis .    g - +1 hand axe (vorpal)
rCold   . . .      Faith    .    (no shield)
rNeg    . . .      Spirit   .    (body armour unavailable)
rPois   +          Reflect  .    (helmet restricted)
rElec   .          Harm     .    r - +0 cloak
rCorr   .          Rampage  .    j - +0 pair of gloves
Will    .....                    (no boots)
Stlth   ++........               (no amulet)
HPRegen 0.26/turn                k - ring of poison resistance
MPRegen 0.11/turn                (no ring)

@: no status effects
A: AC +5, unfitting armour, cold-blooded
a: no special abilities


You were on level 4 of the Dungeon.
You visited 1 branch of the dungeon, and saw 4 of its levels.

You collected 138 gold pieces.

Inventory:

Hand Weapons
 d - a +0 dagger
 g - a +1 vorpal hand axe (weapon)
Armour
 j - a +0 pair of gloves (worn)
 r - a +0 cloak (worn)
Jewellery
 k - a ring of poison resistance (left hand)
Scrolls
 b - a scroll of magic mapping
 c - a scroll of enchant armour {unknown}
 e - a scroll of teleportation
 f - a scroll of amnesia {unknown}
 i - a scroll of butterflies {unknown}
 o - a scroll of brand weapon {unknown}
 p - a scroll of fear {unknown}
 q - a scroll of enchant weapon {unknown}
Potions
 a - a potion of magic
 h - a potion of flight {unknown}
 l - 2 potions of heal wounds {unknown}
 m - a potion of brilliance {unknown}
 n - a potion of lignification {unknown}
 s - a potion of curing {unknown}


   Skills:
 + Level 1.9 Fighting
 - Level 2.4 Dodging
 + Level 2.6 Stealth
 + Level 2.6 Spellcasting
 + Level 0.1 Conjurations
 - Level 1.0 Transmutations
 + Level 3.5 Earth Magic


You had 4 spell levels left.
You knew the following spells:

 Your Spells              Type           Power      Damage    Failure   Level
a - Sandblast             Erth           30%        2d9       3%          1
b - Stone Arrow           Conj/Erth      18%        3d8       24%         3

Your spell library contained the following spells:

 Spells                   Type           Power      Damage    Failure   Level
 Passwall                 Tmut/Erth      8%         N/A       10%         2
 Magic Dart               Conj           12%        1d3       16%         1
 Shock                    Conj/Air       8%         1d3       16%         1
 Call Imp                 Summ           2%         N/A       26%         2
 Scorch                   Fire           4%         2d5       26%         2
 Sublimation of Blood     Necr           2%         N/A       26%         2
 Mephitic Cloud           Conj/Pois/Air  2%         N/A       45%         3
 Swiftness                Air            2%         N/A       45%         3
 Petrify                  Tmut/Erth      10%        N/A       54%         4
 Flame Wave               Conj/Fire      2%         2d4       85%         4
 Airstrike                Air            1%         2d(1-17)  86%         4
 Irradiate                Conj/Tmut      2%         3d12      98%         5
 Summon Mana Viper        Hex/Summ       2%         N/A       99%         5
 Summon Cactus Giant      Summ           1%         N/A       100%        6
 Malign Gateway           Summ/Tloc      1%         N/A       100%        7


Dungeon Overview and Level Annotations

Branches:
Dungeon (4/15)
 Temple: D:4-7

Altars:
Fedhas

Shops:
D:2 [


Innate Abilities, Weirdness & Mutations

Your plain brown scales are hard. (AC +5)
You cannot fit into any form of body armour.
You are cold-blooded and may be slowed by cold attacks.


Message History

The orc priest casts a cantrip, but nothing happens.
Things that are here:
a +0 club; a +0 dagger; an orc corpse You hit the orc.
The orc is moderately wounded.
The orc hits you with a +0 dagger. The orc barely misses you.
The orc priest begins to cast a cantrip, but forgets the words!
You closely miss the orc.
The orc is moderately wounded.
The orc misses you.
You hit the orc.
The orc is severely wounded.
The orc barely misses you.
You hit the orc but do no damage.
You tail-slap the orc, but do no damage.
The orc is severely wounded.
The orc misses you. The orc hits you but does no damage.
You barely miss the orc.
The orc is severely wounded.
The orc hits you but does no damage.
The orc priest looks satisfied for a moment.
You hit the orc but do no damage.
Your tail-slap misses the orc.
The orc is severely wounded.
The orc priest invokes the aid of Beogh against you.
Beogh smites you! The orc completely misses you.
The orc priest casts a cantrip, but nothing happens.
You hit the orc.
You kill the orc!
The orc priest mumbles some strange prayers to Beogh against you.
Beogh smites you!
* * * LOW HITPOINT WARNING * * *
The orc hits you but does no damage.
You closely miss the orc. The orc hits you but does no damage.
The orc attacks as you move away! The orc hits you with a +0 dagger.
* * * LOW HITPOINT WARNING * * *
The orc attacks as you move away! The orc hits you with a +0 dagger.
* * * LOW HITPOINT WARNING * * *
The orc priest mumbles some strange prayers to Beogh against you.
Beogh smites you!
You die...

#+ ##..
.....
......#####
#..oooo.@#
##########


You could see 2 orc priests and 2 orcs.

Vanquished Creatures
  3 gnolls (D:2)
  3 adders (D:2)
  2 dart slugs (D:1)
  3 orcs (D:4)
  7 bats
  2 endoplasms (D:1)
  2 giant cockroaches
  2 goblins
  A hobgoblin (D:1)
  8 jackals
  6 kobolds
  A quokka (D:1)
  4 ball pythons
  3 frilled lizards
  2 rats
49 creatures vanquished.

Notes
Turn   | Place    | Note
-------+----------+-------------------------------------------
     0 | D:1      | DeathPants the Draconian Earth Elementalist began the quest
                  | for the Orb.
     0 | D:1      | Reached XP level 1. HP: 14/14 MP: 3/3
    21 | D:1      | Got Emalamyoz's Treatise on Adjuration
    30 | D:1      | Found a faded altar of an unknown god.
   167 | D:1      | Reached XP level 2. HP: 21/22 MP: 0/5
   457 | D:1      | Reached skill level 1 in Fighting
   815 | D:2      | Reached XP level 3. HP: 28/28 MP: 4/6
  1058 | D:2      | Reached XP level 4. HP: 3/35 MP: 0/7
  1242 | D:2      | Found Layfesoo's Armour Boutique.
  1383 | D:2      | Learned a level 3 spell: Stone Arrow
  1499 | D:3      | Found a blossoming altar of Fedhas.
  1535 | D:4      | HP: 1/36 [orc/+0 dagger (1)]
  1535 | D:4      | Killed from afar by an orc priest

Illustrated notes

Levels and vault maps discovered:
D:1:      dpeg_arrival_rooms_b, layout_rooms, chequers_ecumenical_altar_simple
D:2:      layout_basic, serial_shops, nicolae_shop_hallway_stairs
D:3:      layout_basic, nicolae_overflow_crystal_walls, uniq_ijyb, uniq_sigmund
D:4:      layout_basic, kennysheep_mini_moat, serial_shops,
          nicolae_lakefront_shop, sigmund_army

Skill      XL: |  1  2 |
---------------+-------+-----
Stealth        | 2 |  2.6
Dodging        | 2 |  2.4
Fighting       | 1 |  1.9
Spellcasting   | |  2.6
Conjurations   | |  0.1
Transmutations | |  1.0
Earth Magic    | |  3.5

Action                   |  1- 3 |  4- 6 || total
-------------------------+-------+-------++-------
Melee: Dagger            |     8 |       ||     8
       Hand axe          |    44 |    26 ||    70
       Tailslap          |     6 |     3 ||     9
 Cast: Sandblast         |    26 |     3 ||    29
  Use: Scroll            |       |     2 ||     2
 Stab: Sleeping          |     2 |     2 ||     4
Armor: Skin              |    18 |    11 ||    29
Dodge: Dodged            |    53 |    15 ||    68

Table legend: (Time is in decaauts)
 A = Elapsed time spent in this place.
 B = Non-inter-level travel time spent in this place.
 C = Inter-level travel time spent in this place.
 D = Time resting spent in this place.
 E = Time spent auto-exploring this place.
 F = Levels seen in this place.
 G = Mean time per level.
                   A        B        C        D        E       F      G
               +--------+--------+--------+--------+--------+-----+--------+
         Total |   1572 |   1557 |     15 |     55 |    956 |   4 |  393.0 |
       Dungeon |   1572 |   1557 |     15 |     55 |    956 |   4 |  393.0 |
               +--------+--------+--------+--------+--------+-----+--------+

Top non-repeatable levels by time:
     D:2: 760 daAuts
     D:1: 648 daAuts
     D:3: 142 daAuts
     D:4: 21 daAuts
